AoeStats
← Capybara-Master

Arabia

510432518Analyzed
1v1 RM · 24h ago on Oct 1, 2026· 74m 29s· 2 players
Game mode
Random Map
Map size
Tiny (2 player)
Population
200
Speed
Normal
Resources
Standard
Victory
Conquest
Starting age
Dark Age
Ending age
Imperial Age
RankedLock teamsTeams togetherTeam positionsShared explorationLock speedFull tech treeHidden civsTurbo modeCheats
Victory
Defeat
🇺🇸 Danes · United States
935
+17
🇧🇷 Japanese · Brazil
963
-17
Anton
9:46 Feudal Age
9:30 Loom
13:02 Double-Bit Axe
17:59 Horse Collar
18:37 Fletching
23:36 Castle Age
22:19 Padded Archer Armor
25:05 Squires
24:29 Elite Skirmisher
25:15 Thumb Ring
25:09 Bodkin Arrow
25:11 Pikeman
25:57 Scale Mail Armor
30:06 Chain Mail Armor
30:44 Leather Archer Armor
33:29 Bow Saw
35:18 Arson
35:48 Forging
36:04 Heavy Plow
38:00 Iron Casting
41:17 Wheelbarrow
47:47 Imperial Age
46:36 Hamask
48:27 Halberdier
49:55 Plate Mail Armor
50:25 Blast Furnace
49:20 Onager
51:41 Siege Onager
56:02 Hand Cart
55:32 Town Watch
57:21 Bracer
58:18 Elite Jomsviking
60:09 Hoardings
59:43 Siege Engineers
59:49 Masonry
72:43 Ring Archer Armor
Capybara-Master
6:43 Loom
9:57 Feudal Age
10:08 Man-at-Arms
13:48 Double-Bit Axe
15:02 Fletching
15:47 Padded Archer Armor
19:32 Horse Collar
27:50 Castle Age
25:54 Gold Mining
26:31 Bloodlines
27:31 Scale Barding Armor
28:04 Crossbowman
28:41 Bodkin Arrow
30:34 Leather Archer Armor
30:40 Chain Barding Armor
32:41 Long Swordsman
33:07 Gambesons
34:12 Squires
34:33 Husbandry
34:46 Forging
54:44 Imperial Age
55:08 Arbalester
55:58 Cavalier
57:24 Bracer
59:14 Light Cavalry
62:48 Heavy Plow
62:59 Bow Saw
65:05 Yasama
64:37 Elite Samurai
67:56 Two-Man Saw
67:47 Guard Tower
67:44 Arrowslits
70:18 Wheelbarrow
69:28 Town Watch
73:16 Elite Skirmisher
74:26 Hand Cart
Connection lost

Rejoining the realm…

Still unreachable

The connection could not be restored.

Session expired

The server has moved on; the page needs a fresh start.